 Dungeon Crawl Stone Soup version 0.29-a0-234-g0dae59b3db (webtiles) character file.

Game seed: 11743773832415613867

773 spaghetti the Fighter (level 7, -5/64 HPs)
             Began as a Mummy Delver on Mar 3, 2022.
             Slain by Duvessa
             ... wielding a +1 short sword of venom
              (20 damage)
             ... on level 4 of the Dungeon.
             The game lasted 00:06:28 (2593 turns).

spaghetti the Fighter (Mummy Delver)                Turns: 2593, Time: 00:06:29

Health: -5/64      AC:  3    Str: 18    XL:     7   Next: 53%
Magic:  7/7        EV: 12    Int: 15    God:
Gold:   56         SH:  0    Dex: 14    Spells: 6/6 levels left

rFire   x . .      SeeInvis .   a - +1 hand axe (elec) {axe}
rCold   + . .      Faith    .   (no shield)
rNeg    + + +      Spirit   .   h - +1 robe of Nuoph {rPois Will- Str+3 Int+4 Slay+5}
rPois   ∞          Reflect  .   (no helmet)
rElec   .          Harm     .   (no cloak)
rCorr   .          Rampage  .   (no gloves)
Will    .....                   (no boots)
Stlth   +++.......              (no amulet)
HPRegen 0.20/turn               (no ring)
MPRegen 0.10/turn               (no ring)

@: about to teleport
A: cold resistance 1, negative energy resistance 3, torment resistance 2, heat
vulnerability 1, in touch with death 1, no potions
a: no special abilities


You were on level 4 of the Dungeon.
You visited 2 branches of the dungeon, and saw 6 of its levels.

You collected 56 gold pieces.


Innate Abilities, Weirdness & Mutations

You are immune to poison.
Your flesh is cold resistant. (rC+)
You are immune to negative energy. (rN+++)
You are immune to unholy pain and torment.
You are vulnerable to heat. (rF-)
You are in touch with the powers of death.
You do not drink.


   Skills:
 + Level 9.0 Fighting
 - Level 1.5 Long Blades
 - Level 1.5 Dodging
 - Level 4.1 Stealth


You had 6 spell levels left.
You didn't know any spells.
Your spell library contained the following spells:

 Spells                   Type           Power      Damage    Failure   Level
 Magic Dart               Conj           0%         1d3       26%         1
 Call Imp                 Summ           0%         N/A       38%         2
 Corpse Rot               Necr/Air       0%         N/A       38%         2
 Poisonous Vapours        Pois/Air       0%         N/A       38%         2
 Dazzling Flash           Conj/Hex       0%         N/A       63%         3
 Mephitic Cloud           Conj/Pois/Air  0%         N/A       63%         3
 Agony                    Necr           0%         N/A       100%        5
 Silence                  Hex/Air        0%         N/A       100%        5

Inventory:

Hand Weapons
 a - a +1 hand axe of electrocution (weapon) {axe}
   (You found it on level 4 of the Dungeon)
 b - a +0 shortbow {bow}
   (You took it off a centaur on level 5 of the Dungeon)
 d - a +0 falchion {long}
 l - a +0 quarterstaff {staff}
   (You found it on level 7 of the Dungeon)
 n - a +0 dagger of protection {short}
   (You took it off Dowan on level 4 of the Dungeon)
Missiles
 e - 76 stones {throwing}
Armour
 g - a +0 leather armour
 h - the +1 robe of Nuoph (worn) {rPois Will- Str+3 Int+4 Slay+5}
   (You found it on level 8 of the Dungeon)

   Str:       It affects your strength (+3).
   Int:       It affects your intelligence (+4).
   Slay:      It affects your accuracy & damage with ranged weapons and melee
   (+5).
   rPois:     It protects you from poison.
   Will:      It decreases your willpower.
Wands
 f - a wand of digging (7)
Scrolls
 c - a scroll of fog
 i - 2 scrolls of identify {@r1}
 k - a scroll of immolation {!r!r}
Miscellaneous
 j - a piece from Xom's chessboard (15/15)
   (You found it on level 4 of the Dungeon)

Dungeon Overview and Level Annotations

Branches:
Dungeon (8/15)             Temple (1/1) D:7
   Lair: D:8-11

Altars:
Ashenzari
Cheibriados
Dithmenos
Elyvilon
Gozag
Hepliaklqana
Kikubaaqudgha
Makhleb
Qazlal
Ru
Uskayaw
Vehumet
Xom
Yredelemnul
Zin
The Shining One

Shops:
D:4 *

Annotations:
D:4 Duvessa
D:5 Grinder

#...............###.#.##
###.###.............#.#
#...............#####.#
#...##.........## #.#
#...##.........# #.#
#....#.........# #.#
#..#.#.........# ####.##
#..#.#..e......# #......
#......@.......# #.##.##
####.###....... #.##.##
#.########## #....##
#.##.....# #..####
##.##.###.######......
##...#.............####
#.###..........##..# #.#
#.....[.##.##..#
#.###.......##!....#


You could see Duvessa (berserk).


Message History

a +0 great sword {long}; a scroll of noise {!r}; a gnoll corpse 😎 HP[+2]
Your hp is fully restored (63).
e - 73 stones {throwing} (gained 28);
m - a scroll of teleportation {@r4} You now have 56 gold pieces (gained 15).
Things that are here:
a +0 whip {mace}; a gnoll corpse You see here a +0 club {mace}.
You see here a +0 club {mace}.
Found a stone staircase leading up.
There is a stone staircase leading down here.
e - 76 stones {throwing} (gained 3)
You see here a +0 club {mace}.
Found a stone staircase leading down.
You pick up a book of Vapours and begin reading...
You add the spells Poisonous Vapours and Corpse Rot to your library.
Unknown command.
Key pressed, stopping explore.
Dowan is nearby!
Dowan is nearby!
Dowan is nearby!
Shoot: b) +0 shortbow {bow}
Press: ? - help, Q - select action, (/) - cycle Shift-Dir - straight line, f - Dowan
Aim: Dowan, wielding a +0 dagger of protection and wearing a +0 robe (wandering, hasn't noticed you, 60% to hit)
You shoot an arrow. The arrow barely misses Dowan.
Dowan shouts!
Shoot: b) +0 shortbow {bow}
Press: ? - help, Q - select action, (/) - cycle Shift-Dir - straight line, f/p - Dowan
Aim: Dowan, wielding a +0 dagger of protection and wearing a +0 robe (60% to hit)
You shoot an arrow. The arrow hits Dowan.
Shoot: b) +0 shortbow {bow}
Press: ? - help, Q - select action, (/) - cycle Shift-Dir - straight line, f/p - Dowan
Aim: Dowan, wielding a +0 dagger of protection and wearing a +0 robe (lightly wounded, 60% to hit)
You shoot an arrow. The arrow hits Dowan!
Dowan mumbles some strange words.
Dowan blinks!
Shoot: b) +0 shortbow {bow}
Press: ? - help, Q - select action, (/) - cycle Shift-Dir - straight line, f/p - Dowan
Aim: Dowan, wielding a +0 dagger of protection and wearing a +0 robe (heavily wounded, 60% to hit)
You shoot an arrow. The arrow closely misses Dowan.
Shoot: b) +0 shortbow {bow}
Press: ? - help, Q - select action, (/) - cycle Shift-Dir - straight line, f/p - Dowan
Aim: Dowan, wielding a +0 dagger of protection and wearing a +0 robe (heavily wounded, 60% to hit)
You shoot an arrow. The arrow hits Dowan!
You kill Dowan!
You hear a distant scream of rage.
Your Fighting skill increases to level 9! 😎 HP[+1]
You now have 64 max hp (+1).
Your hp is fully restored (64).
n - a +0 dagger of protection {short}
Things that are here:
a +0 robe; the elf corpse of Dowan Key pressed, stopping explore.
Duvessa is nearby!
Duvessa is nearby!
Duvessa is nearby!
Shoot: b) +0 shortbow {bow}
Press: ? - help, Q - select action, (/) - cycle Shift-Dir - straight line, f - Duvessa
Aim: Duvessa, wielding a +1 short sword of venom and wearing a +0 ring mail (wandering, hasn't noticed you, 74% to hit)
You shoot an arrow.
The arrow hits Duvessa but does no damage.
Duvessa goes berserk!
Shoot: b) +0 shortbow {bow}
Press: ? - help, Q - select action, (/) - cycle Shift-Dir - straight line, f/p - Duvessa
Aim: Duvessa, wielding a +1 short sword of venom and wearing a +0 ring mail (berserk, 74% to hit)
You shoot an arrow. The arrow hits Duvessa.
Shoot: b) +0 shortbow {bow}
Press: ? - help, Q - select action, (/) - cycle Shift-Dir - straight line, f/p - Duvessa
Aim: Duvessa, wielding a +1 short sword of venom and wearing a +0 ring mail (lightly wounded, berserk, 74% to hit)
You shoot an arrow. The arrow hits Duvessa.
Duvessa rages.
You can't drink.
You hear the crackle of electricity.
a - a +1 hand axe of electrocution (weapon)
{axe} Duvessa hits you with a +1 short sword of venom! 😕 HP[-13]
You take 13 damage, and now have 51/64 hp.
MASSIVE DAMAGE!! (PAUSE)
You hit Duvessa. Lightning courses through Duvessa!
Duvessa hits you with a +1 short sword of venom.
Duvessa barely misses you. 😮 HP[-4]
You take 4 damage, and now have 47/64 hp.
Okay, then.
As you read the scroll of teleportation {@r4}, it crumbles to dust.
You feel strangely unstable. Duvessa barely misses you.
You barely miss Duvessa.
Duvessa hits you with a +1 short sword of venom!!
* * * LOW HITPOINT WARNING * * *
Duvessa hits you with a +1 short sword of venom.
* * * LOW HITPOINT WARNING * * *
😨 HP[-24]
You take 24 damage, and now have 23/64 hp.
MASSIVE DAMAGE!! (PAUSE)
You hit Duvessa.
Duvessa hits you with a +1 short sword of venom!
* * * LOW HITPOINT WARNING * * *
Duvessa hits you with a +1 short sword of venom!!
You die...

Skill      XL: |  1  2  3  4  5  6  7 |
---------------+----------------------+-----
Fighting       | 4 5 6 8 9 |  9.0
Long Blades    | |  1.5
Dodging        | |  1.5
Stealth        | |  4.1

Action                   |  1- 3 |  4- 6 |  7- 9 || total
-------------------------+-------+-------+-------++-------
Melee: Falchion          |    11 |       |       ||    11
       Quarterstaff      |     8 |    47 |     4 ||    59
       Hand axe          |       |       |     3 ||     3
 Fire: Shortbow          |       |    39 |    23 ||    62
Evoke: Wand              |     1 |       |       ||     1
  Use: Scroll            |     6 |     4 |     2 ||    12
 Stab: Sleeping          |       |     2 |       ||     2
Armor: Leather armour    |     1 |       |       ||     1
       Robe              |       |     4 |       ||     4
Dodge: Dodged            |    23 |    40 |     4 ||    67

Levels and vault maps discovered:
D:4:      layout_loops_cross, lemuel_tele_altar, trog_wizard, xom_butterflies,
          serial_shops, shop, uniq_eustachio, uniq_menkaure, uniq_duvessa
D:5:      layout_rooms, nicolae_wu_jian_wuxing_cycle,
          hangedman_abyss_or_decor_stabs, uniq_crazy_yiuf_cottage, uniq_grinder
D:6:      layout_rooms
D:7:      layout_basic, minmay_temple_entry_offerings, enter_bailey_3,
          minmay_misc_feat_chi
D:8:      layout_basic, dpeg_oklobed_lair, uniq_grum
Temple:   nicolae_temple_great_sept

Notes
Turn   | Place    | Note
-------+----------+-------------------------------------------
     0 | D:5      | spaghetti the Mummy Delver began the quest for the Orb.
     0 | D:5      | Reached XP level 1. HP: 18/18 MP: 1/1
     0 | D:5      | magus.rc [v1.9.6]
   265 | D:6      | Noticed a jelly
   281 | D:7      | Found a staircase to the Ecumenical Temple.
   287 | D:7      | You pick up a book of Minor Magic and begin reading...
   287 | D:7      | You add the spells Magic Dart, Call Imp and Mephitic Cloud
                  | to your library.
   296 | D:7      | HP: 1/18 [shadow imp (5)]
   305 | Temple   | Entered the Ecumenical Temple
   752 | D:8      | Identified the +1 robe of Nuoph {rPois Will- Str+3 Int+4
                  | Slay+5}
   756 | D:8      | Noticed an ice beast
   811 | D:7      | Noticed an ogre
   863 | D:5      | Noticed Grinder
   865 | D:5      | Noticed a centaur
  1031 | D:5      | Noticed a scorpion
  1048 | D:5      | Killed a scorpion
  1049 | D:5      | Reached skill level 4 in Fighting
  1049 | D:5      | Reached XP level 2. HP: 20/26 MP: 2/2
  1049 | D:5      | Gained mutation: You are in touch with the powers of death.
                  | [Mummy growth]
  1049 | D:5      | Reached XP level 3. HP: 25/32 MP: 3/3
  1128 | D:5      | Noticed a scorpion
  1150 | D:5      | Killed a centaur
  1151 | D:5      | Reached skill level 5 in Fighting
  1151 | D:5      | Reached XP level 4. HP: 24/40 MP: 4/4
  1151 | D:5      | Reached XP level 5. HP: 28/46 MP: 5/5
  1153 | D:5      | Reached skill level 6 in Fighting
  1313 | D:5      | Reached XP level 6. HP: 50/53 MP: 6/6
  1322 | D:5      | Noticed a shadow
  1338 | D:4      | Noticed Eustachio
  1663 | D:4      | Killed Eustachio
  1664 | D:4      | Reached skill level 7 in Fighting
  1762 | D:4      | Found a broken altar of Ashenzari.
  1767 | D:4      | Noticed Duvessa
  1771 | D:4      | Noticed Dowan
  1781 | D:4      | HP: 13/55 [quokka (4)]
  1787 | D:4      | Found a shimmering altar of Xom.
  1787 | D:4      | Found Bymuq's Assorted Antiques.
  2184 | D:4      | You pick up a book of the Senses and begin reading...
  2184 | D:4      | You add the spells Dazzling Flash, Agony and Silence to
                  | your library.
  2207 | D:4      | Reached skill level 8 in Fighting
  2207 | D:4      | Reached XP level 7. HP: 50/62 MP: 7/7
  2207 | D:4      | Noticed Menkaure
  2219 | D:4      | Killed Menkaure
  2504 | D:4      | You pick up a book of Vapours and begin reading...
  2504 | D:4      | You add the spells Poisonous Vapours and Corpse Rot to your
                  | library.
  2552 | D:4      | Killed Dowan
  2553 | D:4      | Reached skill level 9 in Fighting
  2593 | D:4      | HP: 15/64 [Duvessa/+1 short sword of venom (8)]
  2593 | D:4      | Slain by Duvessa

Vanquished Creatures
  Eustachio (D:4)
  Menkaure (D:4)
  A centaur (D:5)
  4 scorpions
  Dowan (D:4)
  2 iguanas (D:4)
  8 gnolls
  2 adders (D:5)
  A shadow imp (D:7)
  A worm (D:4)
  An orc (D:4)
  2 ball pythons (D:4)
  A giant cockroach (D:4)
  A goblin (D:4)
  A hobgoblin (D:4)
  A kobold (D:4)
  3 quokkas (D:4)
32 creatures vanquished.

Table legend:
 A = Non-vault XP
 B = Vault XP
 C = Vault XP percentage of total XP
 D = Non-vault monster count
 E = Vault monster count
 F = Vault count percentage of total count
                 A         B        C        D         E       F
            +---------+---------+-------+---------+---------+-------
      Total |     679 |     426 |  38.6 |      29 |       3 |   9.4
            +---------+---------+-------+---------+---------+-------
        D:4 |     276 |     426 |  60.7 |      21 |       3 |  12.5
        D:5 |     392 |       0 |   0.0 |       7 |       0 |   0.0
        D:7 |      11 |       0 |   0.0 |       1 |       0 |   0.0
            +---------+---------+-------+---------+---------+-------

Illustrated notes

Table legend:
 A = Kills in this place as a percentage of kills in entire the game.
 B = Kills by you in this place as a percentage of kills by you in the entire game.
 C = Kills by friends in this place as a percentage of kills by friends in the entire game.
 D = Other kills in this place as a percentage of other kills in the entire game.
 E = Experience gained in this place as a percentage of experience gained in the entire game.
 F = Experience gained in this place divided by the number of levels of this place that you have seen.
                   A       B       C       D       E      F
               +-------+-------+-------+-------+-------+----------------------
         Total | 100.0 | 100.0 |   N/A |   N/A | 100.0 | 184.2
       Dungeon | 100.0 | 100.0 |   N/A |   N/A | 100.0 | 221.0
               +-------+-------+-------+-------+-------+----------------------

Table legend: (Time is in decaauts)
 A = Elapsed time spent in this place.
 B = Non-inter-level travel time spent in this place.
 C = Inter-level travel time spent in this place.
 D = Time resting spent in this place.
 E = Time spent auto-exploring this place.
 F = Levels seen in this place.
 G = Mean time per level.
                   A        B        C        D        E       F      G
               +--------+--------+--------+--------+--------+-----+--------+
         Total |   2630 |   2555 |     75 |   1019 |   1080 |   6 |  438.3 |
       Dungeon |   2272 |   2220 |     52 |   1019 |    757 |   5 |  454.4 |
        Temple |    357 |    334 |     23 |      0 |    323 |   1 |  357.0 |
               +--------+--------+--------+--------+--------+-----+--------+

Top non-repeatable levels by time:
     D:4: 1277 daAuts
     D:5: 624 daAuts
  Temple: 357 daAuts
     D:6: 186 daAuts
     D:7: 132 daAuts
     D:8: 51 daAuts
